 Dungeon Crawl Stone Soup version 0.29-a0-559-g359e09b9d1 (webtiles) character file.

Game seed: 10987608239175165666

1080 kae the Firebug (level 8, -4/45 HPs)
             Began as a Deep Elf Fire Elementalist on June 9, 2022.
             Slain by a gnoll
             ... wielding a +0 spear
             ... led by a gnoll shaman
              (9 damage)
             ... on level 4 of the Dungeon.
             The game lasted 00:03:29 (5278 turns).

kae the Firebug (Deep Elf Fire Elementalist)        Turns: 5278, Time: 00:03:30

Health: -4/45      AC:  2    Str:  5    XL:     8   Next: 8%
Magic:  22/27      EV: 12    Int: 23    God:
Gold:   255        SH:  5    Dex: 15    Spells: 9/18 levels left

rFire   . . .      SeeInvis .   s - +2 short sword (elec)
rCold   . . .      Faith    .   (no shield)
rNeg    . . .      Spirit   .   a - +0 robe
rPois   .          Reflect  +   (no helmet)
rElec   .          Harm     .   (no cloak)
rCorr   .          Rampage  .   (no gloves)
Will    .....                   (no boots)
Stlth   ++........              v - amulet of reflection
HPRegen 0.15/turn               m - ring of magical power
MPRegen 0.20/turn               (no ring)

@: no status effects
A: no striking features
a: no special abilities


You were on level 4 of the Dungeon.
You visited 2 branches of the dungeon, and saw 5 of its levels.
You also visited: Sewer.

You collected 267 gold pieces.
You spent 12 gold pieces at shops.

Inventory:

Hand Weapons
 i - a +0 falchion
 s - a +2 short sword of electrocution (weapon)
Armour
 a - a +0 robe (worn)
Jewellery
 m - a ring of magical power (left hand)
 v - an amulet of reflection (around neck)
Wands
 l - a wand of acid (9)
Scrolls
 c - 4 scrolls of identify {unknown}
 f - 2 scrolls of brand weapon {unknown}
 h - 2 scrolls of teleportation {unknown}
 k - a scroll of magic mapping {unknown}
 p - 2 scrolls of enchant weapon {unknown}
 t - a scroll of enchant armour {unknown}
 u - a scroll of fog {unknown}
Potions
 b - a potion of magic
 d - a potion of berserk rage {unknown}
 e - 7 potions of invisibility {unknown}
 g - a potion of degeneration
 j - a potion of brilliance {unknown}
 n - a potion of flight {unknown}
 o - 2 potions of heal wounds {unknown}
 q - 2 potions of curing {unknown}
 r - a potion of haste {unknown}


   Skills:
 + Level 2.9 Fighting
 - Level 2.4 Dodging
 - Level 2.4 Stealth
 + Level 5.7 Spellcasting
 * Level 6.0 Conjurations
 * Level 6.8 Fire Magic


You had 9 spell levels left.
You knew the following spells:

 Your Spells              Type           Power      Damage    Failure   Level
a - Foxfire               Conj/Fire      100%       2x1d9     1%          1
b - Scorch                Fire           76%        2d8       1%          2
c - Conjure Flame         Conj/Fire      36%        6-21      1%          3
d - Inner Flame           Hex/Fire       22%        N/A       6%          3

Your spell library contained the following spells:

 Spells                   Type           Power      Damage    Failure   Level
 Flame Wave               Conj/Fire      36%        2d9       6%          4
 Dazzling Flash           Conj/Hex       40%        N/A       8%          3
 Poisonous Vapours        Pois/Air       12%        N/A       13%         2
 Iskenderun's Mystic Bla  Conj/Tloc      20%        2d6       26%         4
 Corpse Rot               Necr/Pois/Air  6%         N/A       65%         4
 Starburst                Conj/Fire      18%        6d7       67%         6


Dungeon Overview and Level Annotations

Branches:
Dungeon (4/15)             Temple (1/1) D:4           Sewer (visited)

Altars:
Ashenzari
Cheibriados
Elyvilon
Fedhas
Hepliaklqana
Kikubaaqudgha
Makhleb
Nemelex Xobeh
Okawaru
Qazlal
Sif Muna
Trog
Uskayaw
Wu Jian
Xom
Yredelemnul

Shops:
D:1 *

Annotations:
D:2 1 runed translucent door, Crazy Yiuf


Message History

You open the door.
There is an open door here.
There is an open door here.
You open the door. 2 gnolls come into view.
There are monsters nearby!
There are monsters nearby!
There are monsters nearby!
Casting: Foxfire (safe; 1% risk of failure)
Confirm with . or Enter, or press ? or * to list all spells.
Flames lash the gnoll.
The gnoll shouts!
The gnoll is almost dead.
The gnoll's fire resistance burns away.
The gnoll shouts!
The gnoll hits you from afar with a +0 spear. x2
The gnoll hits you from afar with a +0 spear.
The gnoll barely misses you.
Casting: Scorch (safe; 1% risk of failure)
Confirm with . or Enter, or press ? or * to list all spells.
Flames lash the gnoll.
The gnoll is severely wounded.
The gnoll's fire resistance burns away.
The gnoll hits you from afar with a +0 spear!
You block the gnoll's attack.
A gnoll comes into view. It is wielding a +0 club.
The gnoll hits you from afar with a +0 spear.
The gnoll hits you from afar with a +0 spear!
* * * LOW HITPOINT WARNING * * *
Casting: Scorch (safe; 1% risk of failure)
Confirm with . or Enter, or press ? or * to list all spells.
Flames lash the gnoll.
The gnoll is burned terribly!
You kill the gnoll!
The gnoll hits you with a +0 club.
* * * LOW HITPOINT WARNING * * *
You block the gnoll's attack.
Your Conjurations skill increases to level 6!
A gnoll shaman comes into view. It is wielding a +0 club.
The gnoll hits you from afar with a +0 spear!
You die...

##..#####.##..
...#.###.###.#.# #...##...
.. .........)...).#
###.##.##.#
#######.######## #.......#
######.# ####.####...
##......## #......#
#..#.##..#
#.#######+##'##+###.#
######.#####.....#.....#.#
...........#....@#.....#.#
#####.####.+##+##g##+##+.#
...##.#


gg. #.# .#.##.# ##+# #.# .#.##.# #.# ......# ##.#### ##.# #.# You could see a
gnoll shaman (wandering) and 2 gnolls.

Vanquished Creatures
  Sigmund (D:3)
  A phantom (D:4)
  6 kobold brigands (Sewer)
  An orc priest (D:3)
  2 hounds (D:4)
  Jessica (D:2)
  Terence (D:3)
  2 orc wizards (D:4)
  A gnoll (D:4)
  10 adders
  4 river rats
  6 worms
  A dart slug (D:2)
  9 orcs
  8 ball pythons
  8 endoplasms
  3 giant cockroaches (D:4)
  10 goblins
  3 hobgoblins
  4 jackals
  A quokka (D:4)
  6 bats
  3 frilled lizards
  16 kobolds
  7 rats
115 creatures vanquished.

Vanquished Creatures (others)
  293 foxfires
293 creatures vanquished.

Grand Total: 408 creatures vanquished

Notes
Turn   | Place    | Note
-------+----------+-------------------------------------------
     0 | D:1      | kae the Deep Elf Fire Elementalist began the quest for the
                  | Orb.
     0 | D:1      | Reached XP level 1. HP: 10/10 MP: 6/6
   265 | D:1      | Found a faded altar of an unknown god.
   287 | D:1      | Reached XP level 2. HP: 5/15 MP: 1/8
   602 | D:1      | Found Duxurair's General Store.
   605 | D:1      | Bought a potion of degeneration for 12 gold pieces
   755 | D:1      | Learned a level 2 spell: Scorch
  1239 | D:2      | Found an ancient bone altar of Kikubaaqudgha.
  1245 | D:2      | Reached XP level 3. HP: 14/20 MP: 5/9
  1348 | D:2      | Learned a level 3 spell: Conjure Flame
  1437 | D:2      | Noticed Jessica
  1446 | D:2      | Killed Jessica
  1447 | D:2      | Reached skill level 1 in Fighting
  1732 | D:2      | Reached XP level 4. HP: 25/25 MP: 6/11
  1885 | D:2      | Found a runed translucent door.
  1886 | D:2      | Noticed Crazy Yiuf
  2342 | D:3      | Noticed Sigmund
  2640 | D:3      | Reached XP level 5. HP: 29/29 MP: 12/12
  2651 | D:3      | Learned a level 3 spell: Inner Flame
  2757 | D:3      | Killed Sigmund
  2758 | D:3      | Reached skill level 5 in Fire Magic
  2758 | D:3      | Reached XP level 6. HP: 35/35 MP: 14/14
  3064 | D:3      | Noticed Terence
  3076 | D:3      | Killed Terence
  3130 | D:3      | Found a bloodstained altar of Trog.
  3487 | D:4      | Found a staircase to the Ecumenical Temple.
  3499 | Temple   | Entered the Ecumenical Temple
  3633 | D:4      | Found a glowing drain.
  3725 | Sewer    | Entered a sewer
  3951 | Sewer    | Reached XP level 7. HP: 40/40 MP: 16/16
  4058 | Sewer    | Reached skill level 5 in Spellcasting
  4062 | Sewer    | Reached skill level 5 in Conjurations
  4698 | D:4      | Found a shimmering blue altar of Sif Muna.
  4698 | D:4      | Found an iron altar of Okawaru.
  5203 | D:4      | Reached XP level 8. HP: 45/45 MP: 18/18
  5278 | D:4      | Slain by a gnoll

Illustrated notes

Levels and vault maps discovered:
D:1:      saegor_arrival_simple_a, layout_basic,
          ebering_ecumenical_altar_sacrificial, serial_shops,
          nicolae_shop_behind_doors, minmay_curled_crystal
D:2:      layout_rooms, basic_altar, uniq_jessica, uniq_crazy_yiuf_cottage
D:3:      layout_loops_cross, nicolae_overflow_hidden_temple, uniq_sigmund,
          uniq_terence
D:4:      layout_loops_cross, mainiacjoe_overflow_24_doors,
          jmf_multi_god_temple, minmay_temple_entry_wispy,
          gup_sewer_entry_bubbles, minmay_misc_feat_roman, uniq_duvessa
Temple:   cyrus_circular_temple

Skill      XL: |  1  2  3  4  5  6  7  8 |
---------------+-------------------------+-----
Conjurations   | 2 3 4 5 6 |  6.0
Fighting       | 1 2 |  2.9
Fire Magic     | 4 5 6 |  6.8
Spellcasting   | 4 5 |  5.7
Dodging        | |  2.4
Stealth        | |  2.4

Action                   |  1- 3 |  4- 6 |  7- 9 || total
-------------------------+-------+-------+-------++-------
Melee: Short sword       |       |     1 |       ||     1
 Cast: Foxfire           |    52 |    67 |    68 ||   187
       Scorch            |     4 |    21 |    22 ||    47
       Inner Flame       |       |     2 |       ||     2
       Conjure Flame     |       |     1 |       ||     1
Armor: Robe              |     4 |     2 |     3 ||     9
Dodge: Dodged            |    16 |     9 |    10 ||    35
Block: Other             |       |       |     4 ||     4

Table legend: (Time is in decaauts)
 A = Elapsed time spent in this place.
 B = Non-inter-level travel time spent in this place.
 C = Inter-level travel time spent in this place.
 D = Time resting spent in this place.
 E = Time spent auto-exploring this place.
 F = Levels seen in this place.
 G = Mean time per level.
                   A        B        C        D        E       F      G
               +--------+--------+--------+--------+--------+-----+--------+
         Total |   5475 |   5310 |    165 |     83 |   4355 |   6 |  912.5 |
       Dungeon |   4391 |   4234 |    157 |     83 |   3513 |   4 | 1097.8 |
        Temple |     51 |     43 |      8 |      0 |     34 |   1 |   51.0 |
         Sewer |   1031 |   1031 |      0 |      0 |    808 |   1 | 1031.0 |
               +--------+--------+--------+--------+--------+-----+--------+

Top non-repeatable levels by time:
     D:2: 1249 daAuts
     D:1: 1238 daAuts
   Sewer: 1031 daAuts
     D:3: 996 daAuts
     D:4: 907 daAuts
  Temple: 51 daAuts
